 Dungeon Sprint DCSS version 0.17-a0-1510-gb3fb22e (webtiles) character file.

324358 nuthulu the Conqueror (level 20, -3/157 HPs)
             Began as a Gargoyle Fighter on July 11, 2015.
             Was the Champion of Okawaru.
             Slain by an Orb Guardian (36 damage)
             ... in the Dungeon (Sprint IX: "|||||||||||||||||||||||||||||").
             The game lasted 00:29:45 (7122 turns).

nuthulu the Conqueror (Gargoyle Fighter)            Turns: 7122, Time: 00:29:45

Health: -3/157     AC: 51    Str: 21    XL:     20   Next: 69%
Magic:  26/28      EV: 21    Int: 14    God:    Okawaru [******]
Gold:   1810       SH: 20    Dex: 19    Spells: 0 memorised, 19 levels left

rFire  + + +     SeeInvis .     o - +9 morningstar (flame)
rCold  + + .     Clarity  .     O - +0 gold dragon armour
rNeg   + + +     SustAt   .     c - +1 shield
rPois  ∞         Gourm    .     b - +1 hat {MR+}
rElec  +         Spirit   .     S - +2 cloak {MR+}
rCorr  .         Warding  .     H - +0 pair of gloves "Acex" {rN+ Slay+3 Stlth+}
rMut   .         NoTele   +     P - +0 pair of boots {run}
MR     +++..                    V - amulet "Xemicum" {Regen+ Dex+7 Slay+3}
Stlth  ++........               Y - ring of Immorality {rF+ rC+ rN+ MP-9 Int+2}
                                z - ring of protection from fire

@: heroism, finesse, quick, extremely resistant to hostile enchantments,
unstealthy
A: big wings, clumsy 1, deterioration 1, negative energy resistance 1,
electricity resistance, unbreathing, petrification resistance, rot immunity, AC
+15
a: Fly, Heroism, Finesse, Renounce Religion
}: 4/15 runes: decaying, serpentine, silver, gossamer


You were in the Dungeon.
You worshipped Okawaru.
Okawaru was exalted by your worship.
You were not hungry.

You visited 1 branch You collected 1925 gold pieces.
You spent 115 gold pieces at shops.

Inventory:

Hand weapons
 a - a +0 flail
 o - a +9 morningstar of flaming (weapon)
 I - the +1 demon whip of Plunder {freeze, rN+ MP+9}
   (Okawaru gifted it to you in the Dungeon)

   It has been specially enchanted to freeze those struck by it, causing extra
   injury to most foes and up to half again as much damage against particularly
   susceptible opponents.
   It can also slow down cold-blooded creatures.
   It protects you from negative energy.
   It affects your magic capacity (+9).
 R - the +0 great mace "Sufog" {vamp, rElec Dex+2 SInv}
   (Okawaru gifted it to you in the Dungeon)

   It inflicts no extra harm, but heals its wielder somewhat when it strikes a
   living foe.
   It affects your dexterity (+2).
   It insulates you from electricity.
   It lets you see invisible.
Armour
 b - a +1 hat of magic resistance (worn)
 c - a +1 shield (worn)
 q - the +11 chain mail of Orthodoxy {Dex+5}
   (Okawaru gifted it to you in the Dungeon)

   It affects your dexterity (+5).
 E - a +2 plate armour
 H - the +0 pair of gloves "Acex" (worn) {rN+ Slay+3 Stlth+}
   (Okawaru gifted it to you in the Dungeon)

   It affects your accuracy and damage with ranged weapons and melee attacks
   (+3).
   It protects you from negative energy.
   It makes you more stealthy.
 O - a +0 gold dragon armour (worn)
 P - a +0 pair of boots of running (worn)
 S - a +2 cloak of magic resistance (worn)
Jewellery
 s - a +3 ring of strength
 t - a +2 ring of protection
 z - a ring of protection from fire (left hand)
 A - an uncursed ring of fire
 B - an uncursed ring of fire
 C - an uncursed ring of fire
 D - the ring of Toos {rElec rPois rN+ Str+7}
   (You found it in the Dungeon)

   [ring of poison resistance]

   It affects your strength (+7).
   It insulates you from electricity.
   It protects you from poison.
   It protects you from negative energy.
 K - an uncursed ring of positive energy
 L - a +6 ring of dexterity
 M - an uncursed ring of wizardry
 N - an uncursed amulet of regeneration
 T - the ring "Jafaer" {rPois EV+3}
   (You found it in the Dungeon)

   [ring of evasion]

   It affects your evasion (+3).
   It protects you from poison.
 U - the amulet of Ciabatur {Faith rF+ rN+ MR-}
   (You found it in the Dungeon)

   [amulet of faith]

   It allows you to gain divine favour quickly.
   It protects you from fire.
   It protects you from negative energy.
   It affects your resistance to hostile enchantments.
 V - the amulet "Xemicum" (around neck) {Regen+ Dex+7 Slay+3}
   (You found it in the Dungeon)

   [amulet of regeneration]

   It affects your dexterity (+7).
   It affects your accuracy and damage with ranged weapons and melee attacks
   (+3).
   It increases your rate of regeneration.
 W - the ring "Qonn" {rF+ rN+ EV-3 Str+5 Slay-3}
   (You found it in the Dungeon)

   [ring of evasion]

   It affects your evasion (-3).
   It affects your strength (+5).
   It affects your accuracy and damage with ranged weapons and melee attacks
   (-3).
   It protects you from fire.
   It protects you from negative energy.
 X - the amulet "Woqoyc Mump" {rCorr +Blink}
   (You found it in the Dungeon)

   [amulet of resist corrosion]

   It protects you from acid and corrosion.
   It lets you blink.
 Y - the ring of Immorality (right hand) {rF+ rC+ rN+ MP-9 Int+2}
   (You found it in the Dungeon)

   [ring of protection from fire]

   It affects your intelligence (+2).
   It protects you from fire.
   It protects you from cold.
   It protects you from negative energy.
   It affects your magic capacity (-9).
Magical devices
 n - a wand of draining (7)
 Z - a wand of hasting (4)
Scrolls
 k - 2 scrolls of blinking
 l - 6 scrolls of remove curse
 m - 2 scrolls of amnesia
 v - a scroll of identify
 y - 2 scrolls of recharging
 G - 9 scrolls of enchant weapon
 J - 2 scrolls of fear
 Q - 2 scrolls of fog
Potions
 f - 9 potions of curing
 g - 3 potions of heal wounds
 h - 3 potions of haste
 i - 4 potions of magic
 j - 2 potions of berserk rage
 p - a potion of cancellation
 r - 2 potions of agility
 u - 5 potions of might
 F - 4 potions of brilliance
Comestibles
 e - 11 bread rations
 w - 40 fruits
 x - 9 meat rations


   Skills:
 O Level 27 Fighting
 O Level 27 Maces & Flails
 O Level 27 Armour
 O Level 27 Dodging
 + Level 16.3(21.3) Stealth
 O Level 27 Shields
 O Level 27 Invocations
 + Level 13.0 Evocations


You had 19 spell levels left.
You didn't know any spells.

Dungeon Overview and Level Annotations

Branches:
Dungeon (1/1)

Altars:
Cheibriados
Dithmenos
Elyvilon
Fedhas
Gozag
Kikubaaqudgha
Makhleb
Nemelex Xobeh
Okawaru
Qazlal
Ru
Sif Muna
Trog
Vehumet
Xom
Yredelemnul
Zin
The Shining One
Beogh
Jiyva
Lugonu

Shops:
D (:%*


Innate Abilities, Weirdness & Mutations

You are resistant to torment.
Your stone body is resilient (AC +15).
You are immune to poison.
Your large and strong wings let you fly indefinitely.
You resist negative energy.
You are resistant to electric shocks.
You can survive without breathing.
You are immune to petrification.
You are immune to rotting.
You are clumsy. (Dex -2)
Your body sometimes deteriorates upon taking damage.


Message History

You puncture the Orb Guardian! You burn the Orb Guardian!
The Orb Guardian is lightly wounded.
You block the Orb Guardian's attack.
You bludgeon the Orb Guardian!! You burn the Orb Guardian.
The Orb Guardian is moderately wounded.
The Orb Guardian closely misses you.
You sock the Orb Guardian! You burn the Orb Guardian!
The Orb Guardian is heavily wounded.
You puncture the Orb Guardian! You burn the Orb Guardian.
The Orb Guardian is severely wounded.
The Orb Guardian hits you but does no damage.
Your gold dragon armour prevents you from hitting the Orb Guardian.
The Orb Guardian is severely wounded.
You block the Orb Guardian's attack.
You impale the Orb Guardian!! You burn the Orb Guardian.
The Orb Guardian is severely wounded.
You hit the Orb Guardian but do no damage.
The Orb Guardian is severely wounded.
The Orb Guardian hits you!!!
You die...

*,,,,,,+,,,,,,,,,,,+,,,,,,,,,+,,,
*********************************
*,,,,,,,,,,,,,,,,,,,,,,,,,,,,,,,,
*,*******************************
*,,,,,+,,,,,,,,,,,,,,,,,,,+,,,,,,
*********************************
*,,,,,,,,,,,,,,,,,,,,,,,,,,,,,,,,
*,*******▓▓▓▓▓▓▓▓▓▓▓▓▓▓▓▓▓▓▓▓▓▓▓▓
*,,+,,,,,..0..yX@.'..............
▓▓▓▓▓▓▓▓▓▓▓▓▓▓▓▓▓▓▓▓▓▓▓▓▓▓▓▓▓▓▓▓▓
▓................................
▓.▓▓▓▓▓▓▓▓▓▓▓▓▓▓▓▓▓▓▓▓▓▓▓▓▓▓▓▓▓▓▓
▓....'.....)[÷)'....)††))[.......
▓▓▓▓▓▓▓▓▓▓▓▓▓▓▓▓▓▓▓▓▓▓▓▓▓▓▓▓▓▓▓▓▓
▓...[)))[.....)))))..)...........
▓.▓▓▓▓▓▓▓▓▓▓▓▓▓▓▓▓▓▓▓▓▓▓▓▓▓▓▓▓▓▓▓
▓......'.}......................[


You could see an Orb Guardian (berserk) and a moth of wrath.

Vanquished Creatures
  4 orbs of fire (D)
  3 ancient liches (D)
  Mara (D)
  Mennas (D)
  Boris (D)
  Frederick (D)
  Norris (D)
  Nikola (D)
  3 golden dragons (D)
  Jory (D)
  Xtahua (D)
  4 electric golems (D)
  2 bone dragons (D)
  4 tentacled monstrosities (D)
  25 Orb Guardians (D)
  3 quicksilver dragons (D)
  A sphinx (D)
  Gastronok (D)
  2 storm dragons (D)
  2 draconian monks (D)
  4 greater nagas (D)
  7 shadow dragons (D)
  Ilsuiw (D)
  A draconian knight (D)
  2 frost giants (D)
  2 ghost moths (D)
  3 emperor scorpions (D)
  Louise (D)
  A draconian scorcher (D)
  A draconian zealot (D)
  3 draconian shifters (D)
  5 ironheart preservers (D)
  2 draconian annihilators (D)
  2 very ugly things (D)
  2 stone giants (D)
  2 mottled draconians (D)
  A salamander stormcaller (D)
  2 draconian callers (D)
  A green draconian (D)
  3 black draconians (D)
  A yellow draconian (D)
  Azrael (D)
  A purple draconian (D)
  4 red draconians (D)
  2 white draconians (D)
  4 merfolk javelineers (D)
  2 fire dragons (D)
  3 merfolk impalers (D)
  4 ogre magi (D)
  An entropy weaver (D)
  25 vault guards (D)
  A ghost crab (D)
  A naga warrior (D)
  4 ice dragons (D)
  3 death cobs (D)
  A great orb of eyes (D)
  3 rakshasas (D)
  2 merfolk avatars (D)
  A spriggan air mage (D)
  3 centaur warriors (D)
  6 hydras (D)
  5 merfolk aquamancers (D)
  A deep troll shaman (D)
  A naga sharpshooter (D)
  2 hell knights (D)
  Urug (D)
  A deep elf knight (D)
  A shock serpent (D)
  An orc high priest (D)
  Sonja (D)
  A salamander mystic (D)
  A wizard (D)
  2 sea snakes (D)
  2 spriggan druids (D)
  4 hill giants (D)
  A shambling mangrove (D)
  2 naga ritualists (D)
  5 swamp dragons (D)
  3 ironbrand convokers (D)
  3 orc knights (D)
  5 wolf spiders (D)
  A necromancer (D)
  A phantasmal warrior (D)
  8 orc sorcerers (D)
  A manticore (D)
  5 ugly things (D)
  A cyclops (D)
  2 hornets (D)
  8 moths of wrath (D)
  A water nymph (shapeshifter) (D)
  2 vault sentinels (D)
  A siren (D)
  5 naga magi (D)
  2 spiny frogs (D)
  A torpor snail (D)
  3 guardian serpents (D)
  A yaktaur (D)
  2 demonic crawlers (D)
  A troll (D)
  6 polar bears (D)
  3 slime creatures (D)
  A jumping spider (D)
  A tengu conjurer (D)
  2 blink frogs (D)
  2 bog bodies (D)
  3 freezing wraiths (D)
  A snapping turtle (D)
  A blink frog (shapeshifter) (D)
  2 boulder beetles (D)
  2 shadows (D)
  3 trapdoor spiders (D)
  A yak (shapeshifter) (D)
  A redback (D)
  A basilisk (D)
  A wraith (D)
  A vampire mosquito (D)
  2 fire elementals (D)
  Eustachio (D)
  2 water elementals (D)
  2 yaks (D)
  2 deep elf fighters (D)
  2 mottled dragons (D)
  An insubstantial wisp (D)
  A water moccasin (D)
  4 nagas (D)
  3 hell hounds (D)
  11 orc warriors (D)
  3 porcupines (D)
  A spider (D)
  An ogre (D)
  2 black bears (D)
  An eye of draining (shapeshifter) (D)
  A soldier ant (shapeshifter) (D)
  A sky beast (D)
  A wasp (D)
  A boggart (D)
  2 giant frogs (D)
  4 crocodiles (D)
  A wight (D)
  4 crimson imps (D)
  2 orc priests (D)
  A worker ant (D)
  2 iguanas (D)
  7 orc wizards (D)
  2 river rats (D)
  3 adders (D)
  An adder skeleton (D)
  A giant gecko (D)
  7 orcs (D)
  A bat (D)
  2 bat zombies (D)
  2 goblins (D)
  A hobgoblin (D)
  A ball python simulacrum (D)
  A kobold (D)
  3 rats (D)
393 creatures vanquished.

Vanquished Creatures (others)
  Margery (D)
  A lich (D)
  An Orb Guardian (D)
  A fire giant (D)
  A hell knight (D)
  A necromancer (D)
6 creatures vanquished.

Grand Total: 399 creatures vanquished

Notes
Turn   | Place    | Note
--------------------------------------------------------------
     0 | D        | nuthulu the Gargoyle Fighter began the quest for the Orb.
     0 | D        | Reached XP level 1. HP: 14/14 MP: 1/1
    95 | D        | Noticed an ogre
   102 | D        | Reached skill level 4 in Fighting
   102 | D        | Reached XP level 2. HP: 20/20 MP: 2/2
   107 | D        | Reached XP level 3. HP: 25/25 MP: 3/3
   110 | D        | Killed an ogre
   110 | D        | Reached skill level 6 in Fighting
   110 | D        | Reached XP level 4. HP: 9/32 MP: 4/4
   110 | D        | Reached XP level 5. HP: 10/37 MP: 5/5
   255 | D        | Found a glowing silver altar of Zin.
   255 | D        | Found a glowing golden altar of the Shining One.
   255 | D        | Found an ancient bone altar of Kikubaaqudgha.
   255 | D        | Found a basalt altar of Yredelemnul.
   255 | D        | Found a shimmering altar of Xom.
   255 | D        | Found a radiant altar of Vehumet.
   335 | D        | Found an iron altar of Okawaru.
   336 | D        | Found a burning altar of Makhleb.
   337 | D        | Found a deep blue altar of Sif Muna.
   338 | D        | Found a bloodstained altar of Trog.
   339 | D        | Found a sparkling altar of Nemelex Xobeh.
   340 | D        | Found a white marble altar of Elyvilon.
   341 | D        | Found a roughly hewn altar of Beogh.
   342 | D        | Found a viscous altar of Jiyva.
   343 | D        | Found a corrupted altar of Lugonu.
   345 | D        | Became a worshipper of Warmaster Okawaru
   347 | D        | Found a blossoming altar of Fedhas.
   348 | D        | Found a snail-covered altar of Cheibriados.
   349 | D        | Found a shadowy altar of Dithmenos.
   350 | D        | Found a stormy altar of Qazlal.
   351 | D        | Found an opulent altar of Gozag.
   352 | D        | Found a sacrificial altar of Ru.
   403 | D        | Noticed a sky beast
   403 | D        | Noticed an iguana
   403 | D        | Noticed a wraith
   408 | D        | Killed a wraith
   408 | D        | Reached skill level 7 in Fighting
   408 | D        | Reached skill level 8 in Armour
   408 | D        | Reached skill level 1 in Dodging
   408 | D        | Reached XP level 6. HP: 41/44 MP: 6/6
   412 | D        | Killed an iguana
   444 | D        | Killed a sky beast
   444 | D        | Acquired Okawaru's first power
   444 | D        | Reached skill level 5 in Maces & Flails
   444 | D        | Reached skill level 9 in Armour
   492 | D        | Noticed a worker ant
   492 | D        | Noticed a green ugly thing
   492 | D        | Noticed a hill giant
   492 | D        | Noticed a hill giant
   492 | D        | Noticed a crimson imp
   503 | D        | Killed a hill giant
   503 | D        | Reached skill level 10 in Fighting
   503 | D        | Reached skill level 10 in Armour
   503 | D        | Reached skill level 10 in Shields
   503 | D        | Reached XP level 7. HP: 13/52 MP: 4/7
   503 | D        | Reached XP level 8. HP: 14/57 MP: 4/8
   504 | D        | HP: 1/57 [hill giant/giant club (13)]
   507 | D        | Killed a hill giant
   507 | D        | Reached skill level 11 in Armour
   514 | D        | Killed a green ugly thing
   514 | D        | Reached XP level 9. HP: 29/64 MP: 5/9
   516 | D        | Killed a worker ant
   524 | D        | Killed a crimson imp
   819 | D        | Noticed a spiny frog
   819 | D        | Noticed a yak
   819 | D        | Noticed an iguana
   819 | D        | Noticed a crocodile
   819 | D        | Noticed a porcupine
   819 | D        | Noticed a spiny frog
   822 | D        | Noticed a water moccasin
   822 | D        | Killed a spiny frog
   822 | D        | Reached skill level 12 in Shields
   825 | D        | Noticed a giant frog
   829 | D        | Killed a porcupine
   834 | D        | Killed a crocodile
   835 | D        | Killed an iguana
   836 | D        | Noticed a blink frog
   840 | D        | Killed a yak
   840 | D        | Reached skill level 1 in Invocations
   848 | D        | Killed a spiny frog
   848 | D        | Reached skill level 10 in Maces & Flails
   852 | D        | Killed a blink frog
   857 | D        | Killed a water moccasin
   857 | D        | Reached skill level 13 in Shields
   861 | D        | Killed a giant frog
   997 | D        | Noticed a yak
   997 | D        | Noticed a porcupine
   997 | D        | Noticed a porcupine
   997 | D        | Noticed a crocodile
   997 | D        | Noticed a crocodile
   998 | D        | Killed a crocodile
  1000 | D        | Noticed a giant frog
  1003 | D        | Killed a crocodile
  1006 | D        | Killed a porcupine
  1006 | D        | Reached XP level 10. HP: 67/72 MP: 11/11
  1007 | D        | Noticed a crocodile
  1007 | D        | Killed a porcupine
  1014 | D        | Killed a yak
  1015 | D        | Killed a giant frog
  1015 | D        | Acquired Okawaru's second power
  1020 | D        | Killed a crocodile
  1032 | D        | Noticed a polar bear
  1032 | D        | Noticed a polar bear
  1032 | D        | Noticed a black bear
  1032 | D        | Noticed a polar bear
  1032 | D        | Noticed a black bear
  1032 | D        | Noticed a polar bear
  1034 | D        | Killed a polar bear
  1035 | D        | Noticed a polar bear
  1045 | D        | Killed a polar bear
  1049 | D        | Killed a polar bear
  1050 | D        | Noticed a polar bear
  1052 | D        | Killed a polar bear
  1052 | D        | Reached skill level 14 in Shields
  1054 | D        | Killed a polar bear
  1055 | D        | Killed a black bear
  1063 | D        | Killed a polar bear
  1064 | D        | Killed a black bear
  1154 | D        | Noticed Eustachio
  1195 | D        | Killed Eustachio
  1219 | D        | Noticed an orc warrior
  1219 | D        | Noticed an orc warrior
  1219 | D        | Noticed an orc wizard
  1220 | D        | Noticed an orc priest
  1229 | D        | Killed an orc warrior
  1230 | D        | Killed an orc wizard
  1235 | D        | Killed an orc warrior
  1238 | D        | Killed an orc priest
  1240 | D        | Noticed an orc priest
  1242 | D        | Noticed an orc wizard
  1248 | D        | Killed an orc priest
  1250 | D        | Killed an orc wizard
  1400 | D        | Noticed an orc high priest
  1400 | D        | Noticed an orc warrior
  1400 | D        | Noticed an orc warrior
  1400 | D        | Noticed an orc warrior
  1400 | D        | Noticed an orc warrior
  1400 | D        | Noticed an orc knight
  1404 | D        | Noticed a sun demon
  1405 | D        | Killed an orc knight
  1406 | D        | Noticed an orc warrior
  1409 | D        | Killed an orc warrior
  1410 | D        | Noticed an orc knight
  1462 | D        | Killed an orc warrior
  1469 | D        | Killed an orc warrior
  1473 | D        | Killed an orc warrior
  1480 | D        | Killed an orc high priest
  1480 | D        | Received a gift from Okawaru
  1480 | D        | Reached XP level 11. HP: 13/80 MP: 12/12
  1485 | D        | Killed an orc knight
  1485 | D        | Reached skill level 15 in Shields
  1489 | D        | Killed an orc warrior
  1561 | D        | Noticed an orc warrior
  1563 | D        | Noticed an orc warrior
  1564 | D        | Noticed an orc warrior
  1567 | D        | Killed an orc warrior
  1570 | D        | Killed an orc warrior
  1574 | D        | Killed an orc warrior
  1699 | D        | Noticed an orc warrior
  1708 | D        | Killed an orc warrior
  1748 | D        | Found Jumiq's Assorted Antiques.
  1748 | D        | Noticed an orc sorcerer
  1748 | D        | Noticed an orc sorcerer
  1748 | D        | Noticed an orc sorcerer
  1748 | D        | Noticed an orc sorcerer
  1748 | D        | Noticed an orc wizard
  1749 | D        | Noticed an orc wizard
  1751 | D        | Noticed an orc wizard
  1752 | D        | Killed an orc sorcerer
  1753 | D        | Found Laczeagroc's Food Shop.
  1756 | D        | Noticed an orc wizard
  1759 | D        | Killed an orc sorcerer
  1761 | D        | Noticed a soul eater
  1761 | D        | Killed an orc wizard
  1764 | D        | Noticed a soul eater
  1819 | D        | Killed an orc sorcerer
  1826 | D        | Killed an orc wizard
  1827 | D        | Killed an orc sorcerer
  1833 | D        | Killed an orc wizard
  1835 | D        | Killed an orc wizard
  2070 | D        | Found Vialuetau's Book Boutique.
  2074 | D        | Found Tared's Weapon Shop.
  2076 | D        | Noticed an orc wizard
  2077 | D        | Noticed an orc sorcerer
  2078 | D        | Noticed an orc sorcerer
  2079 | D        | Noticed an orc sorcerer
  2083 | D        | Killed an orc wizard
  2090 | D        | Noticed an orc sorcerer
  2098 | D        | Killed an orc sorcerer
  2098 | D        | Reached skill level 15 in Fighting
  2098 | D        | Reached skill level 15 in Maces & Flails
  2100 | D        | Killed an orc sorcerer
  2103 | D        | Killed an orc sorcerer
  2107 | D        | Killed an orc sorcerer
  2139 | D        | Bought a notched wooden ring for 115 gold pieces
  2170 | D        | Noticed Gastronok
  2186 | D        | Killed Gastronok
  2186 | D        | Received a gift from Okawaru
  2186 | D        | Reached skill level 16 in Maces & Flails
  2186 | D        | Reached skill level 1 in Stealth
  2301 | D        | Noticed Sonja
  2312 | D        | Killed Sonja
  2312 | D        | Reached XP level 12. HP: 88/88 MP: 13/13
  2406 | D        | Noticed a troll
  2406 | D        | Noticed a vampire mosquito
  2406 | D        | Noticed a wight
  2407 | D        | Noticed a brown ugly thing
  2409 | D        | Killed a wight
  2414 | D        | Killed a vampire mosquito
  2415 | D        | Noticed a salamander stormcaller
  2416 | D        | Noticed a lich
  2420 | D        | Killed a troll
  2422 | D        | Noticed a centaur warrior
  2424 | D        | Noticed a centaur warrior
  2425 | D        | Killed a brown ugly thing
  2430 | D        | Noticed a boggart
  2432 | D        | Noticed a wizard
  2435 | D        | Killed a salamander stormcaller
  2439 | D        | Killed a lich
  2439 | D        | Reached skill level 5 in Invocations
  2449 | D        | Killed a centaur warrior
  2449 | D        | Reached skill level 15 in Armour
  2453 | D        | Killed a centaur warrior
  2453 | D        | Received a gift from Okawaru
  2457 | D        | Killed a wizard
  2457 | D        | Reached skill level 17 in Fighting
  2458 | D        | Killed a boggart
  2460 | D        | Noticed an ice dragon
  2461 | D        | Noticed a fire dragon
  2473 | D        | Killed an ice dragon
  2479 | D        | Killed a fire dragon
  2487 | D        | Got a pair of brightly glowing gloves {god gift}
  2498 | D        | Identified the +0 pair of gloves "Acex" {rN+ Slay+3 Stlth+} (Okawaru gifted it to you in the Dungeon)
  2719 | D        | Noticed Urug
  2729 | D        | Killed Urug
  2816 | D        | Noticed a manticore
  2816 | D        | Noticed a sea snake
  2816 | D        | Noticed a water elemental
  2816 | D        | Noticed a merfolk aquamancer
  2816 | D        | Noticed a sea snake
  2816 | D        | Noticed a siren
  2819 | D        | Noticed a snapping turtle
  2822 | D        | Killed a siren
  2826 | D        | Killed a sea snake
  2827 | D        | Noticed a merfolk impaler
  2830 | D        | Noticed a water elemental
  2830 | D        | Killed a merfolk aquamancer
  2832 | D        | Killed a water elemental
  2838 | D        | Killed a sea snake
  2838 | D        | Reached skill level 18 in Fighting
  2838 | D        | Reached skill level 10 in Invocations
  2842 | D        | Killed a manticore
  2842 | D        | Reached XP level 13. HP: 97/97 MP: 13/20
  2852 | D        | Killed a snapping turtle
  2855 | D        | Killed a merfolk impaler
  2857 | D        | Killed a water elemental
  2861 | D        | Noticed a hornet
  2861 | D        | Noticed a wolf spider
  2861 | D        | Noticed a jumping spider
  2861 | D        | Noticed a demonic crawler
  2861 | D        | Noticed a trapdoor spider
  2863 | D        | Killed a demonic crawler
  2864 | D        | Noticed a torpor snail
  2866 | D        | Killed a trapdoor spider
  2867 | D        | Killed a jumping spider
  2868 | D        | Noticed a spider
  2872 | D        | Killed a wolf spider
  2874 | D        | Killed a hornet
  2879 | D        | Killed a torpor snail
  2881 | D        | Killed a spider
  2881 | D        | Received a gift from Okawaru
  2884 | D        | Got an encrusted chain mail {god gift}
  2885 | D        | Identified the +11 chain mail of Orthodoxy {Dex+5} (Okawaru gifted it to you in the Dungeon)
  2900 | D        | Noticed a trapdoor spider
  2900 | D        | Killed a trapdoor spider
  2902 | D        | Noticed a trapdoor spider
  2905 | D        | Killed a trapdoor spider
  2907 | D        | Noticed a naga sharpshooter
  2907 | D        | Noticed a greater naga
  2907 | D        | Noticed a naga mage
  2907 | D        | Noticed a salamander mystic
  2907 | D        | Noticed a naga ritualist
  2907 | D        | Noticed a naga mage
  2908 | D        | Noticed a naga ritualist
  2913 | D        | Killed a naga mage
  2914 | D        | Noticed a shock serpent
  2917 | D        | Killed a naga ritualist
  2924 | D        | Noticed a naga
  2924 | D        | Killed a salamander mystic
  2930 | D        | Killed a greater naga
  2930 | D        | Reached skill level 19 in Fighting
  2937 | D        | Killed a naga sharpshooter
  2941 | D        | Killed a naga ritualist
  2945 | D        | Killed a naga mage
  2951 | D        | Killed a shock serpent
  2952 | D        | Killed a naga
  2957 | D        | Noticed a bog body
  2957 | D        | Noticed a spriggan druid
  2957 | D        | Noticed an insubstantial wisp
  2957 | D        | Noticed a shadow
  2957 | D        | Noticed a blink frog
  2957 | D        | Noticed a spriggan druid
  2961 | D        | Killed a spriggan druid
  2963 | D        | Killed a blink frog
  2964 | D        | Noticed a slime creature
  2965 | D        | Killed a shadow
  2969 | D        | Noticed a bog body
  2973 | D        | Killed an insubstantial wisp
  2974 | D        | Killed a spriggan druid
  2975 | D        | Noticed a ghost crab
  2979 | D        | Killed a bog body
  2982 | D        | Killed a slime creature
  2986 | D        | Killed a bog body
  2992 | D        | Killed a ghost crab
  2997 | D        | Noticed a swamp dragon
  3003 | D        | Killed a swamp dragon
  3194 | D        | Noticed a hell hound
  3195 | D        | Noticed a fire elemental
  3195 | D        | Noticed Azrael
  3196 | D        | Noticed a hell hound
  3198 | D        | Noticed a fire elemental
  3199 | D        | Killed a hell hound
  3200 | D        | Noticed a hell hound
  3200 | D        | Killed a fire elemental
  3209 | D        | Killed Azrael
  3209 | D        | Reached skill level 20 in Fighting
  3210 | D        | Killed a hell hound
  3215 | D        | Killed a fire elemental
  3217 | D        | Killed a hell hound
  3263 | D        | Noticed a deep troll shaman
  3263 | D        | Noticed a yaktaur
  3263 | D        | Noticed a blink frog
  3263 | D        | Noticed a purple ugly thing
  3263 | D        | Noticed a fire giant
  3263 | D        | Noticed a slime creature
  3267 | D        | Noticed a black bear
  3269 | D        | Killed a slime creature
  3270 | D        | Noticed a golden dragon
  3283 | D        | Killed a blink frog
  3284 | D        | Killed a fire giant
  3286 | D        | Noticed an ice dragon
  3288 | D        | Killed a purple ugly thing
  3288 | D        | a black bear changed into a polar bear
  3289 | D        | Noticed a great orb of eyes
  3300 | D        | Killed a golden dragon
  3300 | D        | Received a gift from Okawaru
  3300 | D        | Reached skill level 15 in Invocations
  3300 | D        | Gained mutation: Your large and strong wings let you fly indefinitely. [Gargoyle growth]
  3300 | D        | Reached XP level 14. HP: 38/108 MP: 18/25
  3301 | D        | Noticed an entropy weaver
  3327 | D        | Killed a yaktaur
  3334 | D        | Killed a deep troll shaman
  3339 | D        | Killed an ice dragon
  3348 | D        | Killed a great orb of eyes
  3472 | D        | Noticed a tengu conjurer
  3479 | D        | Killed an entropy weaver
  3479 | D        | Received a gift from Okawaru
  3479 | D        | Reached skill level 21 in Fighting
  3479 | D        | Reached skill level 5 in Dodging
  3480 | D        | Killed a tengu conjurer
  3483 | D        | Got a crude demon whip {god gift}
  3484 | D        | Identified the +1 demon whip of Plunder {freeze, rN+ MP+9} (Okawaru gifted it to you in the Dungeon)
  3487 | D        | Noticed a frost giant
  3497 | D        | Killed a frost giant
  3502 | D        | Noticed a spriggan air mage
  3510 | D        | Killed a spriggan air mage
  3727 | D        | Noticed a stone giant
  3728 | D        | Noticed a cyan very ugly thing
  3729 | D        | Noticed a rakshasa
  3730 | D        | Noticed a frost giant
  3739 | D        | Killed a stone giant
  3743 | D        | Killed a cyan very ugly thing
  3747 | D        | Killed a rakshasa
  3752 | D        | Killed a frost giant
  3752 | D        | Received a gift from Okawaru
  3767 | D        | Noticed a hill giant
  3767 | D        | Noticed a freezing wraith
  3767 | D        | Noticed a slime creature
  3767 | D        | Noticed an ironbrand convoker
  3767 | D        | Noticed a soldier ant
  3767 | D        | Noticed a rakshasa
  3768 | D        | Noticed an ironbrand convoker
  3775 | D        | Killed a rakshasa
  3776 | D        | Killed a soldier ant
  3777 | D        | Noticed a cyan ugly thing
  3780 | D        | Killed an ironbrand convoker
  3781 | D        | Noticed an ironbrand convoker
  3783 | D        | Killed a slime creature
  3784 | D        | Noticed a centaur warrior
  3785 | D        | Killed a freezing wraith
  3786 | D        | Noticed a deep elf fighter
  3787 | D        | Noticed a hornet
  3790 | D        | Killed a hill giant
  3792 | D        | Killed an ironbrand convoker
  3793 | D        | Noticed an ogre mage
  3800 | D        | Killed a cyan ugly thing
  3800 | D        | Reached skill level 22 in Fighting
  3801 | D        | Noticed a freezing wraith
  3802 | D        | Noticed an ironheart preserver
  3806 | D        | Noticed a hell knight
  3806 | D        | Noticed a naga
  3808 | D        | Killed an ironbrand convoker
  3810 | D        | Noticed a cyan ugly thing
  3815 | D        | Killed a centaur warrior
  3821 | D        | Killed a deep elf fighter
  3823 | D        | Noticed a necromancer
  3825 | D        | Killed a hornet
  3829 | D        | Noticed a deep elf fighter
  3837 | D        | Killed an ogre mage
  3840 | D        | Killed a freezing wraith
  3841 | D        | Killed an ironheart preserver
  3844 | D        | Killed a cyan ugly thing
  3852 | D        | Killed a necromancer
  3853 | D        | Killed a deep elf fighter
  3855 | D        | Noticed an ironheart preserver
  3856 | D        | Noticed a sphinx
  3864 | D        | Killed an ironheart preserver
  3870 | D        | Killed a sphinx
  3892 | D        | Killed a hell knight
  3892 | D        | Reached skill level 10 in Dodging
  3894 | D        | Killed a naga
  4119 | D        | Noticed a five-headed hydra
  4128 | D        | Killed a five-headed hydra
  4129 | D        | Noticed a basilisk
  4137 | D        | Killed a basilisk
  4137 | D        | Reached XP level 15. HP: 107/118 MP: 26/26
  4209 | D        | Identified a +0 pair of boots of running (You found it in the Dungeon)
  4334 | D        | Noticed a six-headed hydra
  4334 | D        | Noticed a swamp dragon
  4334 | D        | Noticed a swamp dragon
  4334 | D        | Noticed a five-headed hydra
  4336 | D        | Noticed a shambling mangrove
  4339 | D        | Killed a five-headed hydra
  4341 | D        | Noticed an eight-headed hydra
  4344 | D        | Killed a swamp dragon
  4345 | D        | Noticed a swamp dragon
  4346 | D        | Noticed a four-headed hydra
  4348 | D        | Noticed a swamp dragon
  4350 | D        | Killed a swamp dragon
  4350 | D        | Reached skill level 23 in Fighting
  4356 | D        | Killed a six-headed hydra
  4364 | D        | Killed a shambling mangrove
  4368 | D        | Killed an eight-headed hydra
  4368 | D        | Received a gift from Okawaru
  4376 | D        | Killed a swamp dragon
  4380 | D        | Killed a four-headed hydra
  4387 | D        | Killed a swamp dragon
  4400 | D        | Got a decaying rune of Zot
  4407 | D        | Noticed a merfolk aquamancer
  4407 | D        | Noticed a merfolk javelineer
  4407 | D        | Noticed a merfolk aquamancer
  4407 | D        | Noticed a merfolk javelineer
  4407 | D        | Noticed a merfolk impaler
  4407 | D        | Noticed a merfolk avatar
  4408 | D        | Noticed Ilsuiw
  4415 | D        | Killed a merfolk avatar
  4416 | D        | Noticed a merfolk aquamancer
  4419 | D        | Killed a merfolk javelineer
  4420 | D        | Noticed a merfolk javelineer
  4425 | D        | Killed a merfolk aquamancer
  4426 | D        | Noticed a merfolk impaler
  4431 | D        | Noticed a merfolk avatar
  4439 | D        | Killed Ilsuiw
  4441 | D        | Noticed a merfolk javelineer
  4442 | D        | Killed a merfolk aquamancer
  4444 | D        | Noticed a merfolk aquamancer
  4450 | D        | Killed a merfolk javelineer
  4452 | D        | Killed a merfolk javelineer
  4457 | D        | Killed a merfolk avatar
  4461 | D        | Killed a merfolk javelineer
  4467 | D        | Killed a merfolk impaler
  4472 | D        | Killed a merfolk impaler
  4472 | D        | Reached skill level 24 in Fighting
  4476 | D        | Killed a merfolk aquamancer
  4479 | D        | Killed a merfolk aquamancer
  4492 | D        | Noticed a greater naga
  4492 | D        | Noticed a naga warrior
  4492 | D        | Noticed a naga
  4492 | D        | Noticed a naga mage
  4492 | D        | Noticed a guardian serpent
  4492 | D        | Noticed a greater naga
  4493 | D        | Noticed a guardian serpent
  4496 | D        | Noticed a naga mage
  4503 | D        | Killed a guardian serpent
  4506 | D        | Noticed a naga mage
  4508 | D        | Killed a greater naga
  4509 | D        | Noticed a naga
  4511 | D        | Killed a guardian serpent
  4515 | D        | Killed a naga mage
  4516 | D        | Noticed a guardian serpent
  4521 | D        | Killed a naga warrior
  4526 | D        | Noticed a greater naga
  4528 | D        | Killed a greater naga
  4530 | D        | Killed a naga mage
  4535 | D        | Killed a naga mage
  4537 | D        | Killed a guardian serpent
  4544 | D        | Killed a naga
  4547 | D        | Killed a naga
  4550 | D        | Killed a greater naga
  4553 | D        | Got a serpentine rune of Zot
  4560 | D        | Noticed a wolf spider
  4560 | D        | Noticed a wolf spider
  4560 | D        | Noticed a wolf spider
  4560 | D        | Noticed an emperor scorpion
  4560 | D        | Noticed a moth of wrath
  4565 | D        | Killed a moth of wrath
  4566 | D        | Noticed a moth of wrath
  4568 | D        | Noticed a demonic crawler
  4575 | D        | Killed a ghost moth
  4582 | D        | Killed an emperor scorpion
  4584 | D        | Killed a wolf spider
  4589 | D        | Killed a wolf spider
  4592 | D        | Killed a wolf spider
  4593 | D        | Noticed an emperor scorpion
  4597 | D        | Killed a moth of wrath
  4602 | D        | Killed a demonic crawler
  4603 | D        | Noticed a wolf spider
  4604 | D        | Noticed a redback
  4609 | D        | Noticed an emperor scorpion
  4613 | D        | Killed an emperor scorpion
  4613 | D        | Reached skill level 25 in Fighting
  4618 | D        | Killed a ghost moth
  4618 | D        | Received a gift from Okawaru
  4622 | D        | Killed a wolf spider
  4625 | D        | Killed a redback
  4645 | D        | Killed an emperor scorpion
  4645 | D        | Reached XP level 16. HP: 61/129 MP: 3/27
  4648 | D        | Got a gossamer rune of Zot
  4652 | D        | Got a shimmering great mace {god gift}
  4653 | D        | Identified the +0 great mace "Sufog" {vamp, rElec Dex+2 SInv} (Okawaru gifted it to you in the Dungeon)
  4953 | D        | Noticed a vault guard
  4953 | D        | Noticed a vault guard
  4953 | D        | Noticed a vault guard
  4953 | D        | Noticed a vault guard
  4953 | D        | Noticed a vault guard
  4953 | D        | Noticed a vault guard
  4957 | D        | Noticed a vault guard
  4958 | D        | Killed a vault guard
  4962 | D        | Noticed a vault guard
  4962 | D        | Killed a vault guard
  4963 | D        | Noticed a vault guard
  4967 | D        | Killed a vault guard
  4968 | D        | Noticed a vault guard
  4972 | D        | Killed a vault guard
  4975 | D        | Killed a vault guard
  4978 | D        | Killed a vault guard
  4979 | D        | Noticed a vault guard
  4980 | D        | Noticed a vault guard
  4986 | D        | Noticed a vault guard
  4987 | D        | Killed a vault guard
  4989 | D        | Noticed a vault guard
  4995 | D        | Killed a vault guard
  4995 | D        | Reached skill level 15 in Dodging
  4997 | D        | Noticed a vault guard
  5008 | D        | Killed a vault guard
  5008 | D        | Received a gift from Okawaru
  5010 | D        | Killed a vault guard
  5011 | D        | Noticed a vault guard
  5020 | D        | Killed a vault guard
  5022 | D        | Noticed a vault guard
  5022 | D        | Killed a vault guard
  5026 | D        | Killed a vault guard
  5026 | D        | Reached skill level 26 in Fighting
  5031 | D        | Killed a vault guard
  5042 | D        | Killed a vault guard
  5046 | D        | Killed a vault guard
  5049 | D        | Killed a vault guard
  5052 | D        | Noticed a vault guard
  5053 | D        | Noticed a vault guard
  5054 | D        | Noticed a vault guard
  5055 | D        | Noticed a vault guard
  5055 | D        | Noticed a vault guard
  5061 | D        | Killed a vault guard
  5065 | D        | Noticed a vault guard
  5065 | D        | Killed a vault guard
  5066 | D        | Noticed a vault guard
  5069 | D        | Noticed a vault guard
  5072 | D        | Killed a vault guard
  5077 | D        | Killed a vault guard
  5080 | D        | Killed a vault guard
  5086 | D        | Killed a vault guard
  5086 | D        | Received a gift from Okawaru
  5093 | D        | Killed a vault guard
  5100 | D        | Killed a vault guard
  5120 | D        | Noticed a quicksilver dragon
  5120 | D        | Noticed a freezing wraith
  5120 | D        | Noticed an ogre mage
  5120 | D        | Noticed a vault sentinel
  5120 | D        | Noticed a stone giant
  5120 | D        | Noticed an orc knight
  5121 | D        | Noticed an ironheart preserver
  5127 | D        | Killed a stone giant
  5137 | D        | Killed a quicksilver dragon
  5138 | D        | Noticed a vault sentinel
  5138 | D        | Killed an orc knight
  5140 | D        | Noticed an ironheart preserver
  5141 | D        | Killed a vault sentinel
  5142 | D        | Noticed a shadow dragon
  5144 | D        | Killed an ogre mage
  5149 | D        | Killed an ironheart preserver
  5149 | D        | Reached skill level 27 in Fighting
  5151 | D        | Killed a freezing wraith
  5155 | D        | Killed an ironheart preserver
  5160 | D        | Noticed a purple very ugly thing
  5162 | D        | Killed a shadow dragon
  5163 | D        | Noticed a deep elf knight
  5165 | D        | Killed a vault sentinel
  5166 | D        | Noticed a shadow dragon
  5167 | D        | Noticed a boulder beetle
  5173 | D        | Noticed an ogre mage
  5174 | D        | Killed a purple very ugly thing
  5184 | D        | Killed a shadow dragon
  5190 | D        | Killed a deep elf knight
  5192 | D        | Noticed an ogre mage
  5196 | D        | Killed a boulder beetle
  5196 | D        | Reached skill level 27 in Armour
  5199 | D        | Killed an ogre mage
  5205 | D        | Killed an ogre mage
  5226 | D        | Noticed a shadow dragon
  5226 | D        | Noticed a phantasmal warrior
  5226 | D        | Noticed a tentacled monstrosity
  5226 | D        | Noticed a quicksilver dragon
  5226 | D        | Noticed a shadow dragon
  5226 | D        | Noticed a boulder beetle
  5229 | D        | Killed a phantasmal warrior
  5230 | D        | Noticed an ironheart preserver
  5238 | D        | Noticed a shadow dragon
  5246 | D        | Killed a shadow dragon
  5250 | D        | Noticed a quicksilver dragon
  5258 | D        | Killed an ironheart preserver
  5263 | D        | Killed a tentacled monstrosity
  5263 | D        | Reached XP level 17. HP: 125/139 MP: 28/28
  5266 | D        | Killed a shadow dragon
  5278 | D        | Killed a quicksilver dragon
  5278 | D        | Received a gift from Okawaru
  5289 | D        | Killed a shadow dragon
  5297 | D        | Killed a quicksilver dragon
  5299 | D        | Killed a boulder beetle
  5303 | D        | Got a wavering bronze ring
  5307 | D        | Got a silver rune of Zot
  5309 | D        | Got a sparkling ivory ring
  5311 | D        | Identified the ring "Jafaer" {rPois EV+3} (You found it in the Dungeon)
  5315 | D        | Identified the ring of Toos {rElec rPois rN+ Str+7} (You found it in the Dungeon)
  5411 | D        | Got the amulet of Ciabatur {Faith rF+ rN+ MR-}
  5413 | D        | Got the amulet "Xemicum" {Regen+ Dex+7 Slay+3}
  5415 | D        | Got the ring "Qonn" {rF+ rN+ EV-3 Str+5 Slay-3}
  5417 | D        | Got the amulet "Woqoyc Mump" {rCorr +Blink}
  5419 | D        | Got the ring of Immorality {rF+ rC+ rN+ MP-9 Int+2}
  5486 | D        | Noticed Louise
  5486 | D        | Noticed Jory
  5487 | D        | Noticed Xtahua
  5488 | D        | Noticed Frederick
  5504 | D        | Noticed Norris
  5506 | D        | Killed Xtahua
  5523 | D        | Killed Frederick
  5525 | D        | Noticed Boris
  5532 | D        | Killed Norris
  5537 | D        | Killed Louise
  5538 | D        | Noticed Mennas
  5548 | D        | Killed Boris
  5560 | D        | Killed Jory
  5576 | D        | Killed Mennas
  5626 | D        | Noticed Mara
  5627 | D        | Noticed Nikola
  5628 | D        | Noticed a hell knight
  5628 | D        | Killed a hell knight
  5629 | D        | Noticed Margery
  5632 | D        | Noticed nuthulu's illusion
  5632 | D        | Noticed a necromancer
  5638 | D        | Noticed a hell knight
  5638 | D        | Killed Mara
  5638 | D        | Received a gift from Okawaru
  5651 | D        | Killed Margery
  5651 | D        | Killed a necromancer
  5656 | D        | Killed Nikola
  5658 | D        | Killed a hell knight
  5714 | D        | Noticed a crimson imp
  5714 | D        | Noticed a hill giant
  5714 | D        | Noticed a rakshasa
  5714 | D        | Noticed a shadow
  5714 | D        | Noticed an eight-headed hydra
  5715 | D        | Noticed a cyclops
  5717 | D        | Killed an eight-headed hydra
  5719 | D        | Killed a shadow
  5720 | D        | Noticed a crimson imp
  5724 | D        | Killed a rakshasa
  5725 | D        | Noticed a crimson imp
  5728 | D        | Killed a hill giant
  5731 | D        | Killed a cyclops
  5732 | D        | Killed a crimson imp
  5736 | D        | Killed a crimson imp
  5741 | D        | Killed a crimson imp
  5746 | D        | Noticed a mottled dragon
  5746 | D        | Noticed a bone dragon
  5746 | D        | Noticed a black draconian
  5746 | D        | Noticed a mottled dragon
  5746 | D        | Noticed a storm dragon
  5746 | D        | Noticed a bone dragon
  5747 | D        | Noticed a red draconian
  5756 | D        | Killed a bone dragon
  5756 | D        | Reached XP level 18. HP: 141/145 MP: 21/29
  5757 | D        | Noticed a yellow draconian
  5766 | D        | Noticed an ice dragon
  5770 | D        | Killed a bone dragon
  5771 | D        | Noticed a mottled draconian
  5782 | D        | Killed a storm dragon
  5783 | D        | Noticed a green draconian
  5785 | D        | Killed a mottled dragon
  5785 | D        | Received a gift from Okawaru
  5786 | D        | Noticed a black draconian
  5791 | D        | Killed a black draconian
  5797 | D        | Killed a red draconian
  5805 | D        | Killed a yellow draconian
  5805 | D        | Reached skill level 27 in Dodging
  5815 | D        | Killed an ice dragon
  5823 | D        | Killed a mottled draconian
  5831 | D        | Killed a green draconian
  5837 | D        | Killed a black draconian
  5839 | D        | Killed a mottled dragon
  5845 | D        | Noticed a tentacled monstrosity
  5845 | D        | Noticed a green draconian caller
  5845 | D        | Noticed a yellow draconian scorcher
  5845 | D        | Noticed a red draconian
  5845 | D        | Noticed a black draconian caller
  5845 | D        | Noticed a mottled draconian
  5846 | D        | Noticed a purple draconian
  5857 | D        | Killed a black draconian caller
  5865 | D        | Killed a mottled draconian
  5873 | D        | Killed a red draconian
  5878 | D        | Killed a yellow draconian scorcher
  5886 | D        | Killed a tentacled monstrosity
  5892 | D        | Killed a green draconian caller
  5895 | D        | Killed a purple draconian
  5897 | D        | Noticed a yellow draconian shifter
  5897 | D        | Noticed a shadow dragon
  5897 | D        | Noticed a red draconian
  5897 | D        | Noticed a green draconian shifter
  5897 | D        | Noticed a purple draconian zealot
  5897 | D        | Noticed a yellow draconian annihilator
  5900 | D        | Killed a yellow draconian annihilator
  5903 | D        | Killed a purple draconian zealot
  5906 | D        | Noticed a death cob
  5908 | D        | Killed a green draconian shifter
  5909 | D        | Noticed a white draconian shifter
  5919 | D        | Killed a red draconian
  5919 | D        | Received a gift from Okawaru
  5934 | D        | Killed a shadow dragon
  5939 | D        | Killed a white draconian shifter
  5947 | D        | Killed a death cob
  5951 | D        | Killed a yellow draconian shifter
  5986 | D        | Noticed a moth of wrath
  5986 | D        | Noticed a moth of wrath
  5986 | D        | Noticed a tentacled monstrosity
  5986 | D        | Noticed a yellow draconian annihilator
  5986 | D        | Noticed a red draconian
  5986 | D        | Noticed a white draconian monk
  5995 | D        | Killed a white draconian monk
  5996 | D        | Noticed a shadow dragon
  6000 | D        | Killed a yellow draconian annihilator
  6004 | D        | Noticed a death cob
  6006 | D        | Killed a tentacled monstrosity
  6007 | D        | Noticed a moth of wrath
  6017 | D        | Killed a red draconian
  6031 | D        | Killed a shadow dragon
  6035 | D        | Killed a moth of wrath
  6038 | D        | Killed a moth of wrath
  6046 | D        | Killed a death cob
  6046 | D        | Received a gift from Okawaru
  6051 | D        | Killed a moth of wrath
  6055 | D        | Noticed a white draconian
  6055 | D        | Noticed a red draconian monk
  6055 | D        | Noticed a moth of wrath
  6055 | D        | Noticed an ice dragon
  6055 | D        | Noticed an electric golem
  6055 | D        | Noticed a black draconian
  6056 | D        | Noticed a white draconian
  6062 | D        | Killed a black draconian
  6066 | D        | Noticed a moth of wrath
  6068 | D        | Noticed a green draconian knight
  6069 | D        | Killed an ice dragon
  6081 | D        | Killed a red draconian monk
  6088 | D        | Killed a moth of wrath
  6096 | D        | Killed a white draconian
  6102 | D        | Killed a green draconian knight
  6114 | D        | Killed a white draconian
  6117 | D        | Killed a moth of wrath
  6127 | D        | Killed an electric golem
  6261 | D        | Noticed an Orb Guardian
  6261 | D        | Noticed an Orb Guardian
  6261 | D        | Noticed an Orb Guardian
  6261 | D        | Noticed an Orb Guardian
  6261 | D        | Noticed an Orb Guardian
  6261 | D        | Noticed an Orb Guardian
  6267 | D        | Killed an Orb Guardian
  6268 | D        | Noticed an Orb Guardian
  6277 | D        | Killed an Orb Guardian
  6280 | D        | Killed an Orb Guardian
  6281 | D        | Noticed an Orb Guardian
  6288 | D        | Killed an Orb Guardian
  6288 | D        | Reached XP level 19. HP: 151/151 MP: 27/33
  6294 | D        | Killed an Orb Guardian
  6299 | D        | Killed an Orb Guardian
  6299 | D        | Received a gift from Okawaru
  6300 | D        | Noticed an Orb Guardian
  6302 | D        | Killed an Orb Guardian
  6303 | D        | Noticed an Orb Guardian
  6308 | D        | Killed an Orb Guardian
  6319 | D        | Killed an Orb Guardian
  6325 | D        | Killed an Orb Guardian
  6333 | D        | Noticed a golden dragon
  6333 | D        | Noticed a fire dragon
  6333 | D        | Noticed an Orb Guardian
  6333 | D        | Noticed an Orb Guardian
  6333 | D        | Noticed a golden dragon
  6333 | D        | Noticed a tentacled monstrosity
  6337 | D        | Killed a tentacled monstrosity
  6338 | D        | Noticed an Orb Guardian
  6342 | D        | Noticed an Orb Guardian
  6346 | D        | Killed a golden dragon
  6357 | D        | Killed an Orb Guardian
  6361 | D        | Killed an Orb Guardian
  6370 | D        | Killed a golden dragon
  6373 | D        | Killed a fire dragon
  6378 | D        | Killed an Orb Guardian
  6383 | D        | Killed an Orb Guardian
  6388 | D        | Noticed an ancient lich
  6400 | D        | Killed an ancient lich
  6402 | D        | Noticed an orb of fire
  6412 | D        | Killed an orb of fire
  6538 | D        | Noticed an electric golem
  6543 | D        | Noticed an ancient lich
  6543 | D        | Noticed an electric golem
  6543 | D        | Noticed an ancient lich
  6543 | D        | Noticed an Orb Guardian
  6543 | D        | Noticed a storm dragon
  6543 | D        | Noticed an Orb Guardian
  6550 | D        | Noticed an orb of fire
  6552 | D        | Killed an electric golem
  6597 | D        | Killed an Orb Guardian
  6616 | D        | Killed a storm dragon
  6625 | D        | Killed an ancient lich
  6634 | D        | Killed an ancient lich
  6634 | D        | Received a gift from Okawaru
  6634 | D        | Reached XP level 20. HP: 65/157 MP: 36/36
  6638 | D        | Gained mutation: Your body sometimes deteriorates upon taking damage. [an orb of fire]
  6654 | D        | Killed an orb of fire
  6660 | D        | Killed an Orb Guardian
  6685 | D        | Noticed a death cob
  6691 | D        | Killed an electric golem
  6694 | D        | Killed a death cob
  6713 | D        | Noticed an Orb Guardian
  6718 | D        | Noticed an electric golem
  6721 | D        | Killed an Orb Guardian
  6724 | D        | Killed an electric golem
  6724 | D        | Reached skill level 27 in Shields
  6728 | D        | Noticed a moth of wrath
  6729 | D        | Noticed an orb of fire
  6746 | D        | Killed an orb of fire
  6746 | D        | Reached skill level 27 in Maces & Flails
  6746 | D        | Reached skill level 27 in Invocations
  6748 | D        | Killed a moth of wrath
  6758 | D        | Noticed an Orb Guardian
  6765 | D        | Killed an Orb Guardian
  6822 | D        | Noticed an orb of fire
  6824 | D        | Gained mutation: You are clumsy. (Dex -2) [an orb of fire]
  6849 | D        | Killed an orb of fire
  6849 | D        | Reached skill level 10 in Stealth
  7045 | D        | Noticed an Orb Guardian
  7045 | D        | Noticed an Orb Guardian
  7045 | D        | Noticed an Orb Guardian
  7045 | D        | Noticed an Orb Guardian
  7045 | D        | Noticed an Orb Guardian
  7045 | D        | Noticed an Orb Guardian
  7054 | D        | Killed an Orb Guardian
  7055 | D        | Noticed a moth of wrath
  7058 | D        | Killed an Orb Guardian
  7059 | D        | Noticed an Orb Guardian
  7064 | D        | Killed an Orb Guardian
  7064 | D        | Reached skill level 10 in Evocations
  7069 | D        | Noticed an Orb Guardian
  7077 | D        | Killed an Orb Guardian
  7084 | D        | Killed an Orb Guardian
  7096 | D        | Noticed an Orb Guardian
  7099 | D        | Killed an Orb Guardian
  7099 | D        | Received a gift from Okawaru
  7099 | D        | Reached skill level 15 in Stealth
  7105 | D        | Killed an Orb Guardian
  7111 | D        | Killed an Orb Guardian
  7122 | D        | Slain by an Orb Guardian

Vault maps used:
D:        linesprint

Action                   |  1- 3 |  4- 6 |  7- 9 | 10-12 | 13-15 | 16-18 | 19-21 || total
-------------------------+-------+-------+-------+-------+-------+-------+-------++-------
Melee: Flail             |    27 |       |       |       |       |       |       ||    27
       Morningstar       |       |    46 |    63 |   286 |   555 |   696 |   296 ||  1942
Invok: Heroism           |       |     1 |       |     6 |     7 |     9 |     3 ||    26
       Finesse           |       |       |       |     2 |     5 |     9 |     3 ||    19
Evoke: Wand              |       |       |       |       |       |       |     1 ||     1
  Use: Potion            |     1 |       |     1 |     5 |     1 |       |     4 ||    12
       Scroll            |       |       |     4 |     6 |     2 |     5 |       ||    17
 Stab: Invisible         |       |       |       |       |       |       |     3 ||     3
  Eat: Chunk             |       |       |     1 |     2 |       |       |     2 ||     5
       Meat ration       |       |       |       |     1 |       |     1 |     1 ||     3
       Bread ration      |       |       |       |       |     2 |     1 |       ||     3
